 Dungeon Crawl Stone Soup version 0.22-a0-815-gb582571 (webtiles) character file.

5117 zishaf the Transmogrifier (level 10, -1/53 HPs)
             Began as a Vine Stalker Transmuter on July 23, 2018.
             Was a Believer of Ru.
             Succumbed to a killer bee's poison
             ... on level 10 of the Dungeon.
             The game lasted 00:37:19 (10546 turns).

zishaf the Transmogrifier (VSTm)                   Turns: 10546, Time: 00:37:20

Health: -1/53      AC:  7    Str: 15    XL:     10   Next: 58%
Magic:  0/15       EV: 14    Int: 13    God:    Ru [**....]
Gold:   501        SH:  0    Dex: 18    Spells: 9/15 levels left

rFire    + + .     SeeInvis .     - Unarmed
rCold    + . .     Gourm    .   (no shield)
rNeg     . . .     Faith    .   e - +2 leather armour {rC+}
rPois    .         Spirit   +   y - +0 hat
rElec    .         Reflect  .   B - +0 cloak "Veigal" {rF+ Dex+2}
rCorr    .         Harm     .   j - +0 pair of gloves
MR       +....                  (no boots)
Stlth    +.........             (no amulet)
HPRegen  0.57/turn              p - ring of protection from magic
MPRegen  0.14/turn              g - ring of protection from fire

@: lethally poisoned (-1 -> -13), no potions
A: fangs 3, regeneration 1, magic shield, antimagic bite, no potion heal 3, rot
immunity, inability to drink while threatened, magic vulnerability 1
a: Sacrifice an Eye, Sacrifice Health, Sacrifice Love, Reject Sacrifices,
Renounce Religion


You were on level 10 of the Dungeon.
You worshipped Ru.
Ru was pleased with you.
You were not hungry.

You visited 2 branches of the dungeon, and saw 11 of its levels.
You also visited: Ossuary and Bailey.

You collected 501 gold pieces.

Inventory:

Missiles
 a - 275 arrows
 n - 20 poisoned needles
Armour
 e - a +2 leather armour of cold resistance (worn)
 j - a +0 pair of gloves (worn)
 y - a +0 hat (worn)
 B - the +0 cloak "Veigal" (worn) {rF+ Dex+2}
   (You found it on level 4 of the Dungeon)

   It affects your dexterity (+2).
   It protects you from fire.
Jewellery
 g - a ring of protection from fire (right hand)
 p - a ring of protection from magic (left hand)
Wands
 v - a wand of disintegration (8)
 E - a wand of random effects (64)
Scrolls
 b - 5 scrolls of fog {unknown}
 c - 2 scrolls of random uselessness {unknown}
 k - 2 scrolls of enchant armour {unknown}
 l - 5 scrolls of magic mapping {unknown}
 o - 2 scrolls of immolation {unknown}
 r - 3 scrolls of teleportation
 t - 2 scrolls of amnesia {unknown}
 u - a scroll of noise {unknown}
 G - 2 scrolls of fear {unknown}
 I - a scroll of identify
 K - 3 scrolls of remove curse
Potions
 f - 5 potions of haste
 h - a potion of brilliance
 i - 14 potions of curing
 m - a potion of ambrosia
 q - 2 potions of lignification
 s - 2 potions of berserk rage
 w - 2 potions of magic {unknown}
 x - 4 potions of degeneration {unknown}
 z - 4 potions of invisibility {unknown}
 A - 2 potions of cancellation {unknown}
 C - 3 potions of mutation {unknown}
 D - a potion of heal wounds {unknown}
 H - 7 potions of flight
Comestibles
 d - 17 rations
 J - 2 chunks of flesh


   Skills:
 + Level 6.7 Fighting
 - Level 4.0 Throwing
 + Level 4.5 Dodging
 + Level 7.9 Unarmed Combat
 + Level 3.1 Spellcasting
 - Level 9.0 Transmutations


You had 9 spell levels left.
You knew the following spells:

 Your Spells              Type           Power        Failure   Level  Hunger
a - Beastly Appendage     Tmut           ####..       1%          1    #......
b - Blade Hands           Tmut           ####......   19%         5    ######.

Your spell library contained the following spells:

 Spells                   Type           Power        Failure   Level  Hunger
 Spider Form              Tmut/Pois      ##........   13%         3    ###....
 Ice Form                 Ice/Tmut       ##......     41%         4    #####..
 Sticks to Snakes         Tmut           ####....     1%          2    ##.....


Dungeon Overview and Level Annotations

Branches:
Dungeon (10/15)            Temple (1/1) D:5
   Lair: D:8-11         Orc: D:9-12

Altars:
Ashenzari
Cheibriados
Dithmenos
Elyvilon
Fedhas
Gozag
Hepliaklqana
Kikubaaqudgha
Makhleb
Nemelex Xobeh
Okawaru
Qazlal
Ru
Sif Muna
Trog
Uskayaw
Vehumet
Wu Jian
Xom
Yredelemnul
Zin
The Shining One

Shops:
D:6 *   D:9 [:%}%


Innate Abilities, Weirdness & Mutations

You have razor-sharp teeth.
Your natural rate of healing is unusually fast.
When hurt, damage is shared between your health and your magic reserves.
Your bite disrupts and absorbs the magic of your enemies.
Potions cannot restore your health.
You are immune to rotting.
You cannot drink potions while threatened.
You are slightly vulnerable to magic. (MR-)


Message History

* * * LOW HITPOINT WARNING * * *
The killer bee completely misses you.
* * * LOW HITPOINT WARNING * * *
You feel sick. The killer bee stings you.
* * * LOW HITPOINT WARNING * * *
The killer bee stings you.
* * * LOW HITPOINT WARNING * * *
You are more poisoned.
The killer bee poisons you!
The sky beast flickers out of sight!
Deactivating autopickup; reactivate with Ctrl-A.
The killer bee is stunned by your will and fails to attack.
Your surroundings suddenly seem different.
* * * LOW HITPOINT WARNING * * *
You feel sick.
An orc warrior comes into view. It is wielding a war axe.
The orc warrior shouts!
You hear an angry buzzing noise.
A centaur warrior zombie comes into view.
The orc warrior hits you with a war axe.
* * * LOW HITPOINT WARNING * * *
You die...

#.
#..###.#
##. # ..
#.## #.##
## ##. #.
#.# ##)##
# ##..##
#. ..#
#...###
......
#..#
#.....#
....# ...
#...#...
##...
#..>.#....
#....##
###....###
#.@##
##... .
##..#
#.......
#..o.#
#..... ..
#.Z##..#
#........
..## ....
..! ..##
..# ..# .#
..# . ...


You could see an orc warrior and a centaur warrior zombie (wandering).

Vanquished Creatures
  Psyche (D:9)
  A hippogriff (D:7)
  A hornet (D:8)
  Sigmund (D:2)
  A wyvern (D:8)
  A hungry ghost (D:8)
  Duvessa (D:4)
  A hornet zombie (D:7)
  2 ice beasts
  7 orc warriors
  2 black bears
  2 ogres (D:6)
  4 centaurs
  A big kobold (D:4)
  2 bullfrogs (D:6)
  5 water moccasin zombies (Ossuary)
  Dowan (D:4)
  A scorpion (D:9)
  A killer bee (D:10)
  5 wights
  A crimson imp (D:6)
  A quasit (D:7)
  2 jellies
  7 orc priests
  3 hounds
  4 orc wizards
  A gnoll shaman (D:4)
  2 iguanas
  Ijyb (D:4)
  7 worker ants
  Natasha (thrice) (D:4)
  A killer bee zombie (D:6)
  4 big kobold zombies (Ossuary)
  A hound zombie (D:9)
  2 mummies (Ossuary)
  12 gnolls
  5 adders
  3 shadow imps
  An ooze (D:6)
  5 adder zombies (Ossuary)
  An adder skeleton (D:6)
  5 worms
  A dart slug (D:4)
  4 leopard geckos
  29 orcs
  8 bats
  6 giant cockroaches
  A gnoll zombie (Ossuary)
  17 goblins
  8 hobgoblins
  5 quokkas
  A ball python (D:1)
  5 frilled lizards
  4 hobgoblin zombies (Ossuary)
  25 kobolds
  6 kobold zombies (Ossuary)
  8 orc zombies (Ossuary)
  A quokka skeleton (D:6)
  6 rats
248 creatures vanquished.

Vanquished Creatures (others)
  An orc warrior (D:9)
  A bullfrog (D:9)
  A killer bee (D:10)
  A hobgoblin zombie (Ossuary)
  A kobold zombie (Ossuary)
5 creatures vanquished.

Grand Total: 253 creatures vanquished

Notes
Turn   | Place    | Note
-------+----------+-------------------------------------------
     0 | D:1      | zishaf the Vine Stalker Transmuter began the quest for the Orb.
     0 | D:1      | Reached XP level 1. HP: 9/9 MP: 4/4
    69 | D:1      | Reached skill level 1 in Fighting
   282 | D:1      | Reached XP level 2. HP: 6/14 MP: 4/6
   990 | D:1      | Reached skill level 1 in Throwing
  1007 | D:1      | Reached XP level 3. HP: 14/18 MP: 7/7
  1548 | D:2      | Found a bloodstained altar of Trog.
  1765 | D:2      | Gained mutation: Your natural rate of healing is unusually fast. [Vine Stalker growth]
  1765 | D:2      | Reached XP level 4. HP: 23/23 MP: 8/8
  1796 | D:2      | Noticed Sigmund
  1846 | D:2      | Killed Sigmund
  1846 | D:2      | Reached XP level 5. HP: 8/27 MP: 9/9
  1846 | D:2      | Reached XP level 6. HP: 10/32 MP: 10/10
  1853 | D:2      | Learned a level 5 spell: Blade Hands
  2676 | D:3      | Found a bloodstained altar of Trog.
  2712 | D:4      | Got a warped ring mail
  2723 | D:4      | Identified the cursed +1 ring mail "Penal" {rF+} (You found it on level 4 of the Dungeon)
  2895 | D:4      | Found a sand-covered staircase.
  2897 | D:4      | Noticed Ijyb
  2925 | D:4      | Killed Ijyb
  2936 | Ossuary  | Entered an ossuary
  3009 | Ossuary  | Reached skill level 3 in Transmutations
  3114 | Ossuary  | Reached XP level 7. HP: 35/36 MP: 11/11
  3232 | Ossuary  | Reached skill level 4 in Transmutations
  3300 | Ossuary  | Reached skill level 5 in Unarmed Combat
  3517 | D:4      | Got a jewelled cloak
  3528 | D:4      | Identified the cursed +0 cloak "Veigal" {rF+ Dex+2} (You found it on level 4 of the Dungeon)
  3599 | D:4      | Found a deep blue altar of Sif Muna.
  3606 | D:4      | Noticed Duvessa
  3639 | D:4      | Noticed Dowan
  3651 | D:4      | Killed Duvessa
  3651 | D:4      | Gained mutation: You have razor-sharp teeth. [Vine Stalker growth]
  3651 | D:4      | Reached XP level 8. HP: 35/42 MP: 8/12
  3658 | D:4      | Killed Dowan
  3658 | D:4      | Reached skill level 5 in Transmutations
  3700 | D:4      | Noticed Natasha
  3709 | D:4      | Killed Natasha
  3736 | D:4      | Found a hazy altar of Hepliaklqana.
  3736 | D:4      | Found a hide-covered altar of Uskayaw.
  3773 | D:4      | Noticed Natasha
  3818 | D:4      | Killed Natasha
  3838 | D:4      | Noticed Natasha
  3875 | D:4      | Killed Natasha
  4173 | D:5      | Entered Level 5 of the Dungeon
  4364 | D:5      | Found a staircase to the Ecumenical Temple.
  4430 | Temple   | Entered the Ecumenical Temple
  4637 | Temple   | Became a worshipper of Ru the Awakened
  5245 | D:6      | Reached skill level 6 in Transmutations
  5709 | D:6      | Reached skill level 5 in Fighting
  5709 | D:6      | Reached XP level 9. HP: 39/47 MP: 11/13
  5867 | D:6      | Reached skill level 7 in Transmutations
  5987 | D:6      | Found an ornate altar of the Wu Jian Council.
  6007 | D:6      | Gained mutation: You are slightly vulnerable to magic. (MR-) [Ru sacrifice]
  6007 | D:6      | Reached * piety under Ru
  6051 | D:6      | Found Fualyadgh's General Store.
  6550 | D:7      | Found a flagged portal.
  6567 | Bailey   | Entered a bailey
  6880 | D:7      | Found a radiant altar of Vehumet.
  6969 | D:6      | Reached skill level 8 in Transmutations
  7634 | D:8      | Found an opulent altar of Gozag.
  8035 | D:8      | Reached XP level 10. HP: 53/53 MP: 12/14
  8068 | D:8      | Gained mutation: You cannot drink potions while threatened. [Ru sacrifice]
  8068 | D:8      | Reached ** piety under Ru
  8578 | D:8      | Found a sparkling altar of Nemelex Xobeh.
  8757 | D:9      | Found Estrighawk's Antique Armour Emporium.
  8859 | D:9      | Reached skill level 9 in Transmutations
  9361 | D:9      | Found a burning altar of Makhleb.
  9400 | D:9      | Found Yfito's Food Shoppe.
  9400 | D:9      | Noticed Psyche
  9416 | D:9      | Killed Psyche
  9488 | D:9      | Paralysed by a hornet for 3 turns
  9965 | D:9      | Found Witwal's Book Shoppe.
  9973 | D:9      | Found Jasir's Food Emporium.
  9987 | D:9      | Found Arghukk's Gadget Boutique.
 10177 | D:10     | Entered Level 10 of the Dungeon
 10535 | D:10     | Noticed a two-headed ogre
 10545 | D:10     | HP: 2/53 [poisoned by a killer bee]
 10546 | D:10     | Succumbed to a killer bee's poison

Vault maps used:
D:1:      saegor_arrival_simple_e
D:2:      first_ration, grunt_decor_resistance, bloody_trog, uniq_sigmund
D:3:      marbit_many_paths
D:4:      cheibrodos_thug_alley, lemuel_crystal_altar,
          gammafunk_temple_overflow_elements, nicolae_ossuary_entry_monument,
          uniq_natasha, uniq_ijyb, uniq_duvessa
D:5:      minmay_temple_entry_large_hall, minmay_misc_feat_doors,
          kennysheep_generic_room_6
D:6:      kennysheep_mini, serial_shops, nicolae_shop_trees
D:7:      old_standard_altar, enter_bailey_3
D:8:      lemuel_round_altar, basic_altar
D:9:      makhleb_heckhound_becter, serial_shops, shop, shop, shop, shop, shop,
          serial_column_ruins, column_ruins_square_large,
          column_ruins_square_small, column_ruins_grid_1,
          column_ruins_open_tiny_water, column_ruins_columns_corner,
          column_ruins_columns_T, column_ruins_columns_straight, uniq_psyche
D:10:     erik_lair_orcish_takeover, david_nohive_1
Temple:   eino_narrow_crystal_temple
Ossuary:  ossuary_tomb_2
Bailey:   bailey_axe_4, bailey

Skill      XL: |  1  2  3  4  5  6  7  8  9 10 |
---------------+-------------------------------+-----
Fighting       | 1 2 3 5 6 |  6.7
Throwing       | 1 2 3 4 |  4.0
Dodging        | 2 3 4 |  4.5
Unarmed Combat | 4 5 6 7 |  7.9
Transmutations | 3 4 6 8 9 |  9.0
Spellcasting   | 3 |  3.1

Action                   |  1- 3 |  4- 6 |  7- 9 | 10-12 || total
-------------------------+-------+-------+-------+-------++-------
Melee: Unarmed           |   139 |   219 |   528 |   189 ||  1075
       Bite              |    25 |    73 |   170 |    69 ||   337
       Punch             |     2 |     4 |    25 |    10 ||    41
Throw: Tomahawk          |     8 |     7 |    67 |       ||    82
       Stone             |       |    11 |     8 |       ||    19
       Javelin           |       |       |    14 |       ||    14
       Throwing net      |       |       |     3 |       ||     3
 Cast: Blade Hands       |       |       |     3 |       ||     3
Invok: Sacrifice Essence |       |       |     1 |       ||     1
       Sacrifice Drink   |       |       |       |     1 ||     1
  Use: Scroll            |       |     4 |     5 |     2 ||    11
       Potion            |       |       |       |     2 ||     2
 Stab: Sleeping          |       |       |     2 |     1 ||     3
       Distracted        |       |       |       |     3 ||     3
  Eat: Chunk             |     3 |     4 |    15 |     5 ||    27
       Ration            |       |       |     2 |     1 ||     3
Armor: Robe              |    26 |       |       |       ||    26
       Leather armour    |    10 |       |    32 |    37 ||    79
       Ring mail         |     5 |    55 |   139 |       ||   199
Dodge: Dodged            |    71 |    86 |   313 |   130 ||   600

Table legend:
 A = Spawn XP
 B = Non-spawn XP
 C = Spawn XP percentage of total XP
 D = Spawn monster count
 E = Non-spawn monster count
 F = Spawn count percentage of total count
 G = Total turns spent on level
                    A         B        C        D         E        F      G
               +---------+---------+-------+---------+---------+-------+---------
         Total |       0 |    7310 |   0.0 |       0 |     247 |   0.0 | 10546
               +---------+---------+-------+---------+---------+-------+---------
           D:1 |       0 |      45 |   0.0 |       0 |      28 |   0.0 |  1472
           D:2 |       0 |     284 |   0.0 |       0 |      17 |   0.0 |   658
           D:3 |       0 |      41 |   0.0 |       0 |      17 |   0.0 |   607
           D:4 |       0 |     726 |   0.0 |       0 |      34 |   0.0 |  1015
           D:5 |       0 |     290 |   0.0 |       0 |       8 |   0.0 |   974
           D:6 |       0 |    1267 |   0.0 |       0 |      34 |   0.0 |  1194
           D:7 |       0 |     769 |   0.0 |       0 |      17 |   0.0 |   922
           D:8 |       0 |    1650 |   0.0 |       0 |      23 |   0.0 |  1375
           D:9 |       0 |    1526 |   0.0 |       0 |      23 |   0.0 |  1212
          D:10 |       0 |     156 |   0.0 |       0 |       5 |   0.0 |   244
       Ossuary |       0 |     540 |   0.0 |       0 |      31 |   0.0 |   421
        Bailey |       0 |      16 |   0.0 |       0 |      10 |   0.0 |   238
               +---------+---------+-------+---------+---------+-------+---------
